 Dungeon Crawl Stone Soup version 0.29.1-12-g30fa7ad0bf (webtiles) character file.

Game seed: 11980349579685925671

4109 wingedge the Cleaver (level 10, -13/93 HPs)
             Began as a Hill Orc Berserker on Jan 7, 2023.
             Was an Elder of Trog.
             Mangled by an orc knight
             ... wielding a +0 war axe
              (15 damage)
             ... in a bailey.
             The game lasted 00:17:39 (7402 turns).

wingedge the Cleaver (Hill Orc Berserker)           Turns: 7402, Time: 00:17:40

Health: -13/93     AC: 15    Str: 23 (25) XL:     10   Next: 26%
Magic:  10/10      EV:  6    Int:  6 (7)  God:    Trog [****..]
Gold:   368        SH:  2    Dex:  7 (10) Spells: 9/9 levels left

rFire   . . .      SeeInvis .   a - +0 war axe (elec)
rCold   . . .      Faith    .   d - +0 buckler
rNeg    . . .      Spirit   .   g - +0 plate armour
rPois   .          Reflect  .   B - +0 helmet
rElec   .          Harm     .   A - +0 cloak
rCorr   .          Rampage  .   (no gloves)
Will    +....                   (no boots)
Stlth   ..........              (no amulet)
HPRegen 0.25/turn               s - ring of willpower
MPRegen 0.12/turn               (no ring)

@: on berserk cooldown, flying, slowed, very slow
A: no striking features
a: Renounce Religion, Berserk, Trog's Hand, Brothers in Arms


You were in a bailey.
You worshipped Trog.
Trog was greatly pleased with you.
You visited 1 branch of the dungeon, and saw 8 of its levels.
You also visited: Bailey.

You collected 368 gold pieces.

Inventory:

Hand Weapons
 a - a +0 war axe of electrocution (weapon)
 x - a +0 battleaxe
 H - a +0 hand axe of flaming
Missiles
 c - 20 poisoned darts
 y - 7 boomerangs (quivered)
Armour
 d - a +0 buckler (worn)
 g - a +0 plate armour (worn)
 A - a +0 cloak (worn)
 B - a +0 helmet (worn)
Jewellery
 f - an amulet of reflection
 s - a ring of willpower (left hand)
 z - a ring of ice
 E - a ring of magical power
Wands
 i - a wand of polymorph (4)
Scrolls
 h - 7 scrolls of teleportation
 j - a scroll of acquirement {unknown}
 l - 3 scrolls of enchant weapon
 o - 2 scrolls of butterflies {unknown}
 r - a scroll of amnesia {unknown}
 u - 2 scrolls of poison
 v - 2 scrolls of immolation {unknown}
 w - 2 scrolls of vulnerability {unknown}
 C - 2 scrolls of enchant armour {unknown}
 F - a scroll of noise {unknown}
 I - a scroll of brand weapon {unknown}
 J - a scroll of identify
Potions
 b - 2 potions of magic {unknown}
 e - 2 potions of might {unknown}
 k - 2 potions of degeneration
 m - 2 potions of flight
 n - 2 potions of attraction {unknown}
 p - 2 potions of mutation {unknown}
 q - 2 potions of haste {unknown}
 t - a potion of berserk rage {unknown}
 D - a potion of cancellation {unknown}
 G - a potion of heal wounds {unknown}


   Skills:
 - Level 10.0 Fighting
 * Level 12.4 Axes
 + Level 4.8 Throwing
 + Level 7.3 Armour
 - Level 1.5 Dodging


You had 9 spell levels left.
You didn't know any spells.
Your spell library contained the following spells:

 Spells                   Type           Power      Damage    Failure   Level
 Apportation              Tloc           0%         N/A       100%        1
 Necrotise                Necr           0%         1d4       100%        1
 Summon Small Mammal      Summ           0%         N/A       100%        1
 Ozocubu's Armour         Ice            0%         N/A       100%        3
 Ozocubu's Refrigeration  Ice            0%         4d7       100%        7


Dungeon Overview and Level Annotations

Branches:
Dungeon (8/15)             Temple (0/1) D:7          Bailey (1/1)
   Lair: D:8-11

Altars:
Dithmenos
Hepliaklqana
Nemelex Xobeh
Okawaru
Qazlal
Sif Muna
Trog
Uskayaw
Yredelemnul
Zin
The Shining One


Message History

The hobgoblin shouts!
Things that are here:
a +0 war axe; a +0 chain mail A hobgoblin comes into view.
It is wielding a +0 hand axe.
You feel a strong urge to attack something.
The hobgoblin shouts!
You hear a shout! x3
You hit the orc knight.
Lightning courses through the orc knight!!
The orc knight is moderately wounded.
The orc knight hits you but does no damage.
You barely miss the orc knight.
The orc knight is moderately wounded.
The orc knight hits you with a +0 war axe!!
You slash the orc knight!
The orc knight is heavily wounded.
You slash the orc knight!
The orc knight is severely wounded.
You are no longer berserk.
You are exhausted.
You feel yourself slow down.
The orc knight hits you with a +0 war axe!!
* * * LOW HITPOINT WARNING * * *
Okay, then.
Aiming: Polymorph
Press: ? - help, Shift-Dir - straight line, f - orc knight
Aim: an orc knight, wielding a +0 war axe and wearing a +0 chain mail (severely wounded, strong, will become a dream sheep, a floating eye, or a swamp dragon, chance to affect: 31%)
Okay, then.
Unknown command.
Okay, then.
It was a potion of degeneration.
There was something very wrong with that liquid.
You feel weakened.
You feel dopey.
You feel clumsy.
The orc knight no longer looks unusually strong.
The orc knight hits you with a +0 war axe!!
* * * LOW HITPOINT WARNING * * *
It was a potion of flight.
You feel very buoyant.
You fly up into the air.
The orc knight hits you with a +0 war axe!
You die...

....... ..... .....
... .g. ##'####
##go...## #..@....#
##).))...## ##.
#.........# #..
##.........## ##..
#....)⌠..)..#######...
##.........##.....##..
#.......).#.......#..
##......)##.......##.
#......)'........)))


You could see an orc knight and 2 hobgoblins.

Vanquished Creatures
  An orc knight (Bailey)
  5 yaks (D:8)
  Menkaure (D:6)
  2 steam dragons
  2 water moccasins (D:7)
  6 orc warriors
  2 ogres (D:5)
  2 sky beasts
  A black bear (D:5)
  3 centaurs
  A kobold brigand (D:7)
  2 scorpions (D:6)
  A killer bee (D:8)
  A howler monkey (D:4)
  A jelly (D:4)
  3 orc priests
  Crazy Yiuf (D:4)
  7 hounds
  Jessica (D:3)
  3 iguanas (D:5)
  6 orc wizards
  Robin (D:3)
  6 gnolls
  8 adders
  A shadow imp (D:6)
  A white imp (D:7)
  An ufetubus (D:4)
  2 dart slugs
  31 orcs
  6 ball pythons
  3 endoplasms
  A giant cockroach (D:4)
  28 goblins
  11 hobgoblins
  3 jackals (D:1)
  2 quokkas
  6 bats
  A frilled lizard (D:2)
  7 kobolds
  8 rats
179 creatures vanquished.

Vanquished Creatures (others)
  A fungus (D:2)
  4 plants (D:2)
5 creatures vanquished.

Grand Total: 184 creatures vanquished

Notes
Turn   | Place    | Note
-------+----------+-------------------------------------------
     0 | D:1      | wingedge the Hill Orc Berserker began the quest for the
                  | Orb.
     0 | D:1      | Reached XP level 1. HP: 19/19 MP: 1/1
   265 | D:1      | Reached XP level 2. HP: 27/27 MP: 2/2
  1064 | D:2      | Reached XP level 3. HP: 31/33 MP: 3/3
  1239 | D:2      | Found a faded altar of an unknown god.
  1459 | D:2      | Found an iron altar of Okawaru.
  1535 | D:2      | Reached skill level 5 in Axes
  1729 | D:3      | Reached ** piety under Trog
  1746 | D:3      | Noticed Robin
  1750 | D:3      | Killed Robin
  1751 | D:3      | Reached XP level 4. HP: 41/41 MP: 4/4
  1894 | D:3      | Reached skill level 6 in Axes
  1894 | D:3      | Reached XP level 5. HP: 40/47 MP: 5/5
  2221 | D:3      | Noticed Jessica
  2229 | D:3      | Killed Jessica
  2230 | D:3      | Reached skill level 5 in Fighting
  2237 | D:3      | Found a stormy altar of Qazlal.
  2519 | D:4      | Reached XP level 6. HP: 34/56 MP: 6/6
  2531 | D:4      | Reached skill level 7 in Axes
  3045 | D:4      | Found a bloodstained altar of Trog.
  3083 | D:4      | Found a runed translucent door.
  3084 | D:4      | Noticed Crazy Yiuf
  3272 | D:4      | Killed Crazy Yiuf
  3598 | D:5      | Entered Level 5 of the Dungeon
  3609 | D:5      | Reached XP level 7. HP: 62/62 MP: 7/7
  3673 | D:5      | Reached *** piety under Trog
  3683 | D:5      | Reached skill level 8 in Axes
  3683 | D:5      | Reached skill level 1 in Throwing
  3858 | D:5      | Reached XP level 8. HP: 46/71 MP: 8/8
  3980 | D:5      | Found a shimmering blue altar of Sif Muna.
  4114 | D:5      | Found a sparkling altar of Nemelex Xobeh.
  4376 | D:6      | Found a glowing golden altar of the Shining One.
  4461 | D:6      | Found a basalt altar of Yredelemnul.
  4540 | D:6      | Noticed Menkaure
  4548 | D:6      | Killed Menkaure
  4549 | D:6      | Reached skill level 9 in Axes
  4549 | D:6      | Reached skill level 5 in Armour
  5419 | D:7      | Found a staircase to the Ecumenical Temple.
  5579 | D:7      | Found a hazy altar of Hepliaklqana.
  5616 | D:7      | Reached skill level 10 in Axes
  5616 | D:7      | Reached XP level 9. HP: 73/81 MP: 9/9
  5681 | D:7      | Found a shadowy altar of Dithmenos.
  5943 | D:7      | Found a hide-covered altar of Uskayaw.
  6170 | D:7      | Found a glowing silver altar of Zin.
  6870 | D:8      | Reached skill level 11 in Axes
  6968 | D:8      | Found a flagged portal.
  6987 | Bailey   | Entered a bailey
  7016 | Bailey   | Reached **** piety under Trog
  7065 | Bailey   | Reached skill level 10 in Fighting
  7065 | Bailey   | Reached XP level 10. HP: 69/93 MP: 10/10
  7333 | Bailey   | Reached skill level 12 in Axes
  7381 | Bailey   | Noticed an orc knight
  7389 | Bailey   | Noticed an orc knight
  7394 | Bailey   | Killed an orc knight
  7401 | Bailey   | HP: 2/93 [orc knight/+0 war axe (18)]
  7402 | Bailey   | Mangled by an orc knight

Illustrated notes

Levels and vault maps discovered:
D:1:      dpeg_arrival_triangle_fractal, layout_loops_ring,
          chequers_serial_rivers_small_b, nicolae_kite_square_tiling_tiny
D:2:      layout_loops_ring, shapermc_ecumenical_altar_mp_urbaneastern,
          basic_altar
D:3:      layout_rooms, grunt_qazlal_clouds,
          nicolae_concentric_dashed_squares_wild, minmay_misc_feat_hallway,
          uniq_jessica, uniq_robin
D:4:      layout_basic, bloody_trog, chequers_arboretum, uniq_crazy_yiuf_cottage
D:5:      layout_cave_pools, nemelex_spade_bored_becter, general_overflow_altar,
          cheibrodos_gnoll_hut
D:6:      layout_basic, mainiacjoe_overflow_brackets,
          mainiacjoe_overflow_tiny_flanked, uniq_menkaure
D:7:      layout_loops_ring, mainiacjoe_overflow_boulevard, pf_just_have_faith,
          mainiacjoe_overflow_24_doors, eat_drink_and_be_merry_uskayaw,
          temple_fountains, chequers_jeans, nicolae_fountain_basement
D:8:      layout_cave_pools, grunt_temple_overflow_growth_and_decay,
          enter_bailey_5
Bailey:   bailey_axe_minmay_hex_keep, bailey

Skill      XL: |  1  2  3  4  5  6  7  8  9 10 |
---------------+-------------------------------+-----
Fighting       | 4 5 6 8 10 | 10.0
Axes           | 5 6 7 8 10 11 12 | 12.4
Armour         | 3 4 5 6 7 |  7.3
Throwing       | 1 3 4 |  4.8
Dodging        | |  1.5

Action                   |  1- 3 |  4- 6 |  7- 9 | 10-12 || total
-------------------------+-------+-------+-------+-------++-------
Melee: Hand axe          |   102 |   110 |    57 |       ||   269
       War axe           |       |       |   122 |    44 ||   166
Throw: Dart              |    10 |       |       |       ||    10
       Boomerang         |       |       |    37 |    31 ||    68
Invok: Berserk           |     2 |     3 |     5 |     1 ||    11
       Trog's Hand       |       |     2 |     2 |       ||     4
Evoke: Wand              |       |     1 |     2 |       ||     3
  Use: Scroll            |       |       |     4 |       ||     4
       Potion            |       |       |       |     2 ||     2
Armor: Animal skin       |     1 |       |       |       ||     1
       Plate armour      |    53 |    65 |   101 |    13 ||   232
Dodge: Dodged            |    22 |    30 |    62 |     5 ||   119
Block: Buckler           |     9 |    10 |    24 |     1 ||    44
